Map: Abyssal Reef LE

Players

Snute

  • Race: Zerg Zerg
  • Spawn Location: 11:00

PtitDrogo - Winner!

  • Race: Protoss Protoss
  • Spawn Location: 5:00

Event: WCS Valencia 2017

VOD

Have the link to the VOD?

Description

Time

  • Played on: July 13, 2017, 11:03 a.m.
  • Length: 12:58

All games in this series

Show
View Real Time Build Order
Export as new Build Order

Snute Zerg 

Build Orders: Hatch First 

Get SALT Encoding   

  12  0:00  Drone  
  13  0:12  Overlord  
  13  0:17  Drone  
  14  0:30  Drone x2  
  14  0:34  Drone  
  17  0:45  Drone  
  18  0:55  Hatchery  
  17  0:58  Drone  
  17  1:00  Extractor  
  17  1:13  Spawning Pool  
  17  1:17  Drone  
  17  1:20  Drone  
  18  1:28  Drone  
  19  1:38  Overlord  
  19  1:49  Drone  
  20  2:00  Queen, Metabolic Boost  
  23  2:01  Zergling x2  
  23  2:07  Queen  
  25  2:10  Drone  
  25  2:14  Drone  
  27  2:18  Drone  
  27  2:21  Drone  
  29  2:29  Drone  
  30  2:32  Drone  
  31  2:40  Hatchery  
  31  2:42  Drone  
  31  2:48  Zergling x2  
  31  2:50  Overlord  
  32  2:53  Drone  
  33  3:02  Drone  
  33  3:04  Overlord  
  34  3:07  Drone  
  34  3:08  Drone  
  36  3:14  Drone x2  
  36  3:16  Drone x4  
  42  3:25  Overlord  
  42  3:31  Drone  
  43  3:35  Overlord  
  43  3:38  Drone  
  43  3:39  Overlord  
  44  3:44  Drone x2  
  44  3:46  Drone  
  47  3:49  Queen  
  47  3:51  Drone  
  47  3:53  Queen  
  47  3:55  Drone x4  
  56  3:59  Spore Crawler  
  56  4:02  Drone x2  
  57  4:06  Drone  
  57  4:08  Spore Crawler x2  
  56  4:12  Lair  
  56  4:14  Drone x2  
  56  4:15  Drone  
  56  4:16  Drone  
  60  4:18  Drone  
  60  4:22  Drone x2  
  60  4:23  Drone  
  64  4:28  Baneling Nest  
  63  4:32  Queen  
  63  4:33  Queen  
  63  4:34  Drone  
  63  4:36  Extractor, Drone  
  63  4:37  Extractor  
  63  4:38  Drone  
  68  4:39  Drone  
  68  4:42  Zergling x4  
  68  4:43  Zergling x2  
  71  4:47  Zergling x4  
  71  4:51  Evolution Chamber  
  59  5:04  Drone x2  
  59  5:05  Drone x6  
  66  5:09  Drone x2  
  68  5:14  Drone  
  68  5:17  Drone  
  68  5:18  Drone, Hydralisk Den  
  70  5:23  Drone  
  70  5:24  Overseer  
  68  5:29  Drone x2  
  68  5:37  Zergling x2  
  68  5:39  Zergling x4  
  69  5:44  Drone x4  
  69  5:45  Spore Crawler  
  69  5:48  Muscular Augments, Drone x2, Overlord  
  74  5:53  Overlord x2  
  74  5:56  Extractor  
  73  5:59  Overlord  
  73  6:01  Drone  
  73  6:02  Hatchery  
  73  6:05  Drone  
  73  6:07  Overlord  
  74  6:12  Baneling x4  
  74  6:13  Zergling x2  
  74  6:14  Zergling x2  
  76  6:31  Hydralisk x5  
  81  6:39  Hydralisk x2  
  80  6:44  Zergling x20  
  82  6:52  Hydralisk  
  82  6:53  Hydralisk  
  86  6:55  Drone  
  86  7:00  Drone x2  
  89  7:01  Drone x3  
  89  7:04  Drone  
  93  7:09  Hydralisk  
  93  7:15  Hydralisk x3  
  97  7:25  Hydralisk  
  97  7:26  Hydralisk  
  101  7:30  Hydralisk  
  101  7:33  Extractor, Zergling x10  
  107  7:37  Hydralisk  
  109  7:44  Zergling x2  
  109  7:45  Zergling x4  
  109  7:48  Hydralisk x3  
  109  7:50  Spore Crawler  
  117  7:52  Hydralisk  
  117  7:57  Zergling x2  
  117  7:58  Overlord x3  
  120  8:17  Baneling x11  
  120  8:18  Baneling  
  120  8:19  Zergling x2  
  120  8:20  Zergling x22  
  120  8:26  Hydralisk x2  
  133  8:33  Hydralisk x2  
  135  8:45  Zergling x20  
  131  8:53  Hydralisk  
  115  8:56  Hydralisk x4  
  123  9:04  Baneling x6  
  123  9:05  Baneling  
  123  9:06  Zergling x8  
  123  9:07  Zergling x2  
  128  9:10  Hydralisk  
  128  9:14  Baneling x3  
  130  9:19  Zergling x10  
  130  9:20  Zergling x2  
  118  9:31  Hydralisk x4  
  108  9:41  Hydralisk x3  
  109  9:47  Hydralisk x2  
  113  9:53  Hydralisk  
  113  9:54  Hydralisk  
  113  9:59  Hydralisk  
  119  10:03  Zergling x14  
  126  10:12  Baneling x7  
  126  10:13  Baneling  
  122  10:27  Hydralisk x4  
  125  10:35  Zergling x18  
  134  10:47  Zergling x2  
  134  10:48  Zergling x2  
  126  11:07  Zergling x30  
  126  11:08  Zergling x6  
  120  11:12  Zergling x6  
  120  11:18  Hydralisk  
  101  11:21  Hydralisk  
  101  11:22  Hydralisk  
  96  11:36  Baneling x17  
  96  11:37  Baneling  
  96  11:40  Hydralisk  
  96  11:46  Hydralisk x2  
  102  11:50  Hydralisk  
  104  11:54  Hydralisk  
  104  11:55  Hydralisk  
  104  11:57  Hydralisk  
  110  12:03  Hydralisk  
  110  12:08  Zergling x14  
  118  12:17  Baneling  
  118  12:18  Baneling  
  118  12:20  Zergling x18  
  117  12:41  Zergling x2  
Show
View Real Time Build Order
Export as new Build Order

PtitDrogo Protoss - Winner!

Build Orders: 1 Gate Expand, Zealot Archon, Dark Templar Rush 

Get SALT Encoding   

  12  0:00  Probe (Chrono Boost)  
  13  0:11  Probe (Chrono Boost)  
  14  0:18  Pylon  
  14  0:22  Probe (Chrono Boost)  
  15  0:37  Probe (Chrono Boost)  
  15  0:40  Gateway  
  16  0:47  Probe (Chrono Boost)  
  16  0:48  Assimilator  
  17  0:58  Probe (Chrono Boost)  
  18  1:08  Probe (Chrono Boost)  
  19  1:21  Nexus  
  19  1:24  Probe (Chrono Boost)  
  20  1:34  Cybernetics Core  
  20  1:37  Probe (Chrono Boost)  
  21  1:43  Assimilator  
  21  1:48  Probe (Chrono Boost)  
  21  1:52  Pylon  
  22  1:58  Probe (Chrono Boost)  
  23  2:10  Probe (Chrono Boost), Adept (Chrono Boost)  
  23  2:11  Warp Gate  
  26  2:22  Probe  
  27  2:24  Twilight Council  
  27  2:34  Probe  
  27  2:35  Probe, Stalker (Chrono Boost)  
  31  2:47  Probe  
  31  2:49  Probe  
  33  2:54  Robotics Facility  
  33  2:59  Probe (Chrono Boost)  
  33  3:01  Probe (Chrono Boost)  
  35  3:10  Probe (Chrono Boost)  
  35  3:12  Probe (Chrono Boost)  
  37  3:21  Probe (Chrono Boost)  
  38  3:27  Probe (Chrono Boost)  
  38  3:29  Dark Shrine  
  38  3:32  Gateway x2  
  39  3:42  Gateway  
  39  3:43  Warp Prism (Chrono Boost)  
  39  3:44  Probe  
  39  3:46  Probe  
  43  3:53  Pylon  
  43  3:55  Probe  
  43  3:58  Probe  
  43  4:02  Assimilator  
  45  4:04  Assimilator  
  45  4:06  Probe  
  46  4:11  Probe  
  46  4:12  Pylon  
  46  4:16  Probe  
  47  4:19  Pylon  
  47  4:24  Probe (Chrono Boost)  
  49  4:28  Probe (Chrono Boost)  
  50  4:35  Probe (Chrono Boost)  
  51  4:42  Dark Templar x3  
  51  4:43  Dark Templar  
  59  4:47  Pylon  
  57  5:06  Probe (Chrono Boost)  
  54  5:09  Probe (Chrono Boost)  
  54  5:10  Nexus  
  54  5:13  Pylon  
  55  5:16  Probe (Chrono Boost)  
  55  5:17  Pylon  
  55  5:18  Dark Templar x3  
  55  5:19  Probe (Chrono Boost)  
  63  5:29  Probe (Chrono Boost)  
  62  5:39  Immortal  
  62  5:40  Probe x2 (Chrono Boost)  
  68  5:46  Pylon  
  68  5:49  Forge  
  68  5:51  Probe x2 (Chrono Boost)  
  68  5:53  Zealot x2, Dark Templar  
  68  5:54  Zealot  
  68  5:56  Archon  
  78  5:57  Archon  
  78  6:01  Probe x2 (Chrono Boost)  
  80  6:08  Charge (Chrono Boost)  
  80  6:12  Probe x2  
  80  6:16  Observer  
  83  6:23  Zealot x2  
  83  6:24  Zealot, Probe  
  90  6:26  Zealot  
  78  6:53  Probe  
  74  6:54  Probe x2  
  74  6:56  Immortal  
  74  6:57  Gateway  
  74  6:58  Gateway  
  74  7:00  Gateway  
  81  7:01  Protoss Ground Weapons Level 1 (Chrono Boost)  
  81  7:02  Gateway  
  81  7:03  Probe  
  81  7:06  Probe, Assimilator  
  81  7:08  Gateway  
  83  7:09  Assimilator  
  83  7:12  Dark Templar x3  
  83  7:13  Dark Templar  
  83  7:14  Probe  
  92  7:17  Gateway  
  88  7:23  Probe  
  88  7:25  Probe  
  88  7:26  Probe  
  88  7:27  Pylon  
  91  7:31  Templar Archives  
  91  7:33  Mothership Core  
  91  7:35  Immortal  
  93  7:38  Photon Cannon  
  93  7:40  Pylon  
  97  7:52  Nexus, Archon  
  97  7:55  Pylon, Archon  
  97  8:02  Pylon, Dark Templar x2  
  97  8:03  Zealot x2, Pylon  
  105  8:06  Archon  
  105  8:08  Zealot x3  
  105  8:09  Zealot x2, Immortal  
  105  8:12  Pylon  
  115  8:14  Pylon  
  119  8:24  Zealot, High Templar x2  
  122  8:28  Archon  
  118  8:43  Zealot x5, Immortal  
  118  8:44  Zealot x2  
  113  8:54  Zealot  
  97  8:58  High Templar x2  
  101  9:03  Archon  
  101  9:05  High Templar  
  101  9:07  Zealot x6  
  115  9:14  High Templar  
  117  9:17  Immortal  
  117  9:19  Archon  
  119  9:29  Zealot x6  
  126  9:38  Zealot x3  
  110  9:50  High Templar x3  
  110  9:51  High Templar  
  118  9:53  Immortal  
  118  9:54  Archon  
  118  9:55  Nexus, Archon  
  118  9:56  Pylon  
  122  10:01  Protoss Ground Weapons Level 2 (Chrono Boost)  
  122  10:09  Zealot x4  
  122  10:10  Zealot  
  122  10:29  Probe  
  122  10:33  Pylon  
  121  10:37  High Templar x4  
  129  10:43  Archon  
  129  10:44  Archon  
  129  10:49  Zealot x6  
  137  10:52  Immortal  
  129  11:09  Zealot x8  
  129  11:10  Zealot  
  101  11:21  Probe  
  101  11:22  Probe  
  101  11:24  Assimilator  
  101  11:26  Immortal  
  101  11:28  Assimilator  
  105  11:35  High Templar x4  
  105  11:36  Zealot x3  
  105  11:37  Mothership Core  
  105  11:39  Probe  
  119  11:40  Probe  
  119  11:41  Probe  
  119  11:42  Archon x2  
  124  11:47  Photon Cannon  
  124  11:51  Zealot, High Templar x2  
  130  11:56  Archon  
  130  12:00  Photon Cannon, Immortal  
  134  12:14  High Templar x2  
  136  12:18  Archon  
  136  12:31  Zealot x6  
  136  12:32  Zealot x2  
  130  12:37  High Templar x2  
  130  12:38  Zealot x6  
  130  12:41  Archon  
  136  12:51  Zealot x2  
Tags
 
Add a new tag
Caveats
  • Supply blocks, unpowered buildings, or Contaminate may cause inaccurate times.
  • Supply counts are checked every 10 seconds.